 Dungeon Crawl Stone Soup version 0.31.0-1-g2c135a0 (webtiles) character file.

Game seed: 3327560981790169527

816 Alkett the Cleaver (level 7, -5/59 HPs)
             Began as a Hill Orc Monk on Feb 23, 2024.
             Was a Believer of Okawaru.
             Slain by ozjimbob's ghost (8 damage)
             ... on level 5 of the Dungeon.
             The game lasted 00:34:51 (4459 turns).

Alkett the Cleaver (Hill Orc Monk)                  Turns: 4459, Time: 00:34:51

Health: -5/59      AC: 17    Str: 16      XL:     7   Next: 94%
Magic:  7/7        EV:  9    Int: 10      God:    Okawaru [**....]
Gold:   181        SH:  5    Dex: 11 (13) Spells: 6/6 levels left

rFire   . . .        a - +1 hand axe (protect)
rCold   + . .        d - orb {light}
rNeg    . . .        o - +1 chain mail {rC+}
rPois   .            (no helmet)
rElec   .            (no cloak)
rCorr   .            (no gloves)
SInv    .            (no boots)
Will    .....        k - amulet of reflection Stlth
                     (no ring)
HPRegen 0.29/turn    (no ring)
MPRegen 0.10/turn

%: reflection
@: lethally poisoned (-5 -> -33), heroic, under a protective aura, glowing
A: no striking features
a: Renounce Religion, Heroism


You were on level 5 of the Dungeon.
You worshipped Okawaru.
Okawaru was pleased with you.
You visited 2 branches of the dungeon, and saw 6 of its levels.

You collected 181 gold pieces.

Inventory:

Hand Weapons
 a - a +1 hand axe of protection (weapon)
Missiles
 b - 4 javelins (quivered)
 f - 2 poisoned darts
Armour
 d - an orb of light (worn)
 o - a +1 chain mail of cold resistance (worn)
Jewellery
 k - an amulet of reflection (around neck)
Wands
 g - a wand of roots (8)
Scrolls
 i - a scroll of poison
 l - a scroll of brand weapon
 m - 2 scrolls of enchant armour
Potions
 e - a potion of haste
 h - a potion of attraction
 n - 2 potions of brilliance
 p - a potion of enlightenment


   Skills:
 + Level 4.2(9.2) Fighting
 * Level 11.6(16.6) Axes
 - Level 2.4(7.4) Dodging


You had 6 spell levels left.
You didn't know any spells.
Your spell library contained the following spells:

 Spells                   Type           Power      Damage    Failure   Level
 Sting                    Conj/Alch      0%         1d3       99%         1
 Blink                    Tloc           0%         N/A       99%         2
 Lesser Beckoning         Tloc           0%         N/A       99%         2
 Mercury Vapours          Alch/Air       0%         N/A       99%         2
 Momentum Strike          Conj/Tloc      0%         3d8       99%         2
 Olgreb's Toxic Radiance  Alch           0%         N/A       100%        4


Dungeon Overview and Level Annotations

Branches:
Dungeon (5/15)             Temple (1/1) D:5

Altars:
Cheibriados
Dithmenos
Elyvilon
Fedhas
Hepliaklqana
Kikubaaqudgha
Makhleb
Nemelex Xobeh
Okawaru
Qazlal
Ru
Sif Muna
Trog
Uskayaw
Vehumet
Wu Jian
Xom
Yredelemnul
Zin
The Shining One

Annotations:
D:5 ozjimbob's ghost, novice OnGl


Message History

The quasit claws you but does no damage.
Ozjimbob's ghost hits you!
* * * LOW HITPOINT WARNING * * *
You hit the quasit but do no damage.
The quasit is almost dead.
You hit ozjimbob's ghost but do no damage.
The quasit bites you but does no damage.
The quasit closely misses you. The quasit barely misses you.
You hit the quasit.
You kill the quasit!
Okawaru accepts your kill.
You hit ozjimbob's ghost.
Ozjimbob's ghost hits you but does no damage.
Okay, then.
You are confused.
You feel invigorated. Ozjimbob's ghost hits you!
* * * LOW HITPOINT WARNING * * *
You slash ozjimbob's ghost!
Ozjimbob's ghost is heavily damaged.
Ozjimbob's ghost hits you.
* * * LOW HITPOINT WARNING * * *
You're too confused to move!
Ozjimbob's ghost closely misses you.
You are engulfed in poison gas.
You are poisoned.
* * * LOW HITPOINT WARNING * * *
x2 You feel very sick.
Ozjimbob's ghost hits you but does no damage.
You are engulfed in poison gas.
You are lethally poisoned!
* * * LOW HITPOINT WARNING * * *
x2 You feel very sick.
You bump into the rock wall.
You are engulfed in poison gas.
You are more poisoned.
* * * LOW HITPOINT WARNING * * *
You feel less invigorated.
You feel less confused.
* * * LOW HITPOINT WARNING * * *
You feel extremely sick. Ozjimbob's ghost hits you!
You die...

## . .. .. ### ##
#####..###.##
#....#....°.#
##°..#..°#°..
#.°....#..# ##..©W@# #
#..○..#.....#.#
##°##.○=###.°..#..
...○°$(..#.°##..
#..##### ###...
.####.©.####.....
..................
........#[........
...###.#..##.##........


You could see ozjimbob's ghost.

Vanquished Creatures
  Sigmund (D:3)
  A centaur (D:5)
  A phantom (D:4)
  2 scorpions
  2 jellies
  3 quasits (D:5)
  2 iguanas
  Terence (D:3)
  10 adders
  2 ufetubi (D:5)
  A dart slug (D:1)
  A ribbon worm (D:3)
  6 orcs
  4 endoplasms
  2 goblins
  4 hobgoblins
  10 jackals
  3 quokkas
  4 ball pythons
  4 bats
  4 frilled lizards
  8 kobolds
  5 rats
81 creatures vanquished.

Notes
Turn   | Place    | Note
-------+----------+-------------------------------------------
     0 | D:1      | Alkett the Hill Orc Monk began the quest for the Orb.
     0 | D:1      | Reached XP level 1. HP: 19/19 MP: 1/1
    94 | D:1      | Reached XP level 2. HP: 9/26 MP: 2/2
   273 | D:1      | Reached skill level 5 in Axes
  1068 | D:2      | Reached XP level 3. HP: 31/31 MP: 3/3
  1196 | D:2      | Reached skill level 6 in Axes
  1272 | D:2      | Reached XP level 4. HP: 31/39 MP: 4/4
  1655 | D:2      | Found a faded altar of an unknown god.
  1655 | D:2      | Noticed a blizzard demon
  2117 | D:3      | Reached skill level 7 in Axes
  2352 | D:3      | Noticed Terence
  2363 | D:3      | Killed Terence
  2364 | D:3      | Reached XP level 5. HP: 45/45 MP: 5/5
  2465 | D:3      | Noticed Sigmund
  2555 | D:4      | Reached skill level 8 in Axes
  2623 | D:4      | Noticed a phantom
  2642 | D:4      | Killed a phantom
  2643 | D:4      | Reached XP level 6. HP: 45/51 MP: 6/6
  2744 | D:4      | Found a shadowy altar of Dithmenos.
  2744 | D:4      | Found a stormy altar of Qazlal.
  3072 | D:4      | Reached skill level 9 in Axes
  3247 | D:4      | Found a hazy altar of Hepliaklqana.
  3450 | D:5      | Entered Level 5 of the Dungeon
  3637 | D:5      | Found a staircase to the Ecumenical Temple.
  3642 | Temple   | Entered the Ecumenical Temple
  3649 | Temple   | Became a worshipper of Warmaster Okawaru
  3649 | Temple   | Reached * piety under Okawaru
  3649 | Temple   | Reached ** piety under Okawaru
  3704 | D:3      | Killed Sigmund
  3705 | D:3      | Reached skill level 10 in Axes
  3705 | D:3      | Reached XP level 7. HP: 57/57 MP: 4/7
  3838 | D:3      | Reached skill level 11 in Axes
  4406 | D:5      | Found a transporter.
  4409 | D:5      | Noticed ozjimbob's ghost (novice OnGl)
  4459 | D:5      | Slain by ozjimbob's ghost

Illustrated notes

Levels and vault maps discovered:
D:1:      amcnicky_arrival_gap_in_the_tavern_cellar, layout_loops_ring,
          hangedman_decor_clover_reticule, minmay_misc_feat_encased
D:2:      layout_basic, dreamdust_ecumenical_altar_sealed_demon
D:3:      layout_basic, uniq_sigmund, uniq_terence
D:4:      layout_loops_ring, gammafunk_temple_overflow_wave,
          worldfamousw_hep_ancestral_shrine, serial_rivers,
          chequers_serial_rivers_micro_b, chequers_serial_rivers_small_b,
          chequers_serial_rivers_room_b, chequers_serial_rivers_micro_a,
          chequers_serial_rivers_micro_c, chequers_serial_rivers_micro_d,
          amcnicky_mini_pool_small
D:5:      black_bear_nest_1, layout_cave_pools,
          minmay_temple_entry_glassed_door, gammafunk_ghost_stat_death
Temple:   minmay_crystal_spiral_temple

Skill      XL: |  1  2  3  4  5  6  7 |
---------------+----------------------+-----
Axes           | 5 6 7 8 10 11 | 11.6
Fighting       | 4 |  4.2
Dodging        | |  2.4

Action                     |  1- 3 |  4- 6 |  7- 9 || total
---------------------------+-------+-------+-------++-------
  Melee: Hand axe          |    75 |   105 |    87 ||   267
  Throw: Dart              |     6 |    31 |       ||    37
         Javelin           |       |     1 |     1 ||     2
 Invoke: Heroism           |       |     1 |     3 ||     4
    Use: Scroll            |     3 |     9 |     2 ||    14
         Potion            |     1 |     2 |     3 ||     6
   Stab: Invisible         |       |     3 |       ||     3
 Armour: Robe              |    24 |       |       ||    24
         Scale mail        |    22 |       |       ||    22
         Chain mail        |       |    67 |   143 ||   210
  Dodge: Dodged            |    34 |    41 |    69 ||   144
